[Event "*** MasterClass Titled Tuesday Blitz"]
[Site "Chess.com"]
[Date "2017.09.05"]
[Round "4"]
[White "fastestmindalive"]
[Black "dhanushbharadwaj"]
[Result "1-0"]
[WhiteElo "2624"]
[BlackElo "2423"]
[TimeControl "180+2"]
[EndTime "13:52:42 PDT"]
[Termination "fastestmindalive won by resignation"]

1. e4 c5 2. Nc3 Nc6 3. Bb5 g6 4. Bxc6 bxc6 5. f4 Bg7 6. Nf3 d6 7. d3 Nf6 8. O-O O-O 9. Qe1 Rb8 10. Qh4 e6 11. e5 Nd5 12. Qxd8 Rxd8 13. Ne4 dxe5 14.
fxe5 Nb4 15. Rf2 c4 16. a3 Na6 17. dxc4 Rd1+ 18. Rf1 Rxf1+ 19. Kxf1 c5 20. Nd6 Bd7 21.
b3 Bc6 22. Bb2 Rd8 23. Rd1 Kf8 24. Ke2 Ke7 25. Bc3 Rd7 26. Nc8+ Kd8 27. Rxd7+ Bxd7 28.
Nxa7 Nc7 29. a4 h6 30. Ba5 g5 31. g4 f6 32. Nb5 Bxb5 33. cxb5 fxe5 34. Nd2 Kd7 35.
Bxc7 Kxc7 36. Kd3 Kb6 37. Nc4+ Kb7 38. Ke4 1-0

[Event "*** MasterClass Titled Tuesday Blitz"]
[Site "Chess.com"]
[Date "2017.09.05"]
[Round "4"]
[White "ditkin25"]
[Black "liquormark"]
[Result "1-0"]
[WhiteElo "2214"]
[BlackElo "2102"]
[TimeControl "180+2"]
[EndTime "13:52:59 PDT"]
[Termination "ditkin25 won by resignation"]

1. e4 c5 2. Nf3 e6 3. Nc3 Nc6 4. d4 cxd4 5. Nxd4 Nf6 6. Be2 Bb4 7. O-O Bxc3 8. bxc3 Nxe4 9. Qd3 d5 10. Ba3 Nd6 11.
Qg3 Nxd4 12. cxd4 Nf5 13. Qe5 Qa5 14. Bc5 b6 15. Qc7 bxc5 16. Qxa5 1-0

[Event "*** MasterClass Titled Tuesday Blitz"]
[Site "Chess.com"]
[Date "2017.09.05"]
[Round "4"]
[White "Jahonas"]
[Black "Alohamora11"]
[Result "1-0"]
[WhiteElo "2213"]
[BlackElo "2100"]
[TimeControl "180+2"]
[EndTime "13:53:12 PDT"]
[Termination "Jahonas won by resignation"]

1. d4 Nf6 2. Nf3 c5 3. dxc5 e6 4. g3 Bxc5 5. Bg2 O-O 6. O-O Nc6 7. c4 d6 8. Nc3 a6 9. a3 Qe7 10. b4 Ba7 11. e4 Rd8 12. Qe2 Nd4 13. Nxd4 Bxd4 14. Bb2 Bd7 15. Rfd1 e5 16. Nd5 Nxd5 17. exd5 Bxb2 18. Qxb2 Rac8 19. Rac1 b6 20. Bf1 Rc7 21. c5 dxc5 22. d6 Qe8 23. dxc7 Rc8 24. bxc5 Rxc7 25. cxb6 Rxc1 26. Rxc1 Qe6 27. Rc7 Bc6 28. Qc3 Qd5 29. Qxc6 Qxc6 30. Rxc6 1-0

[Event "*** MasterClass Titled Tuesday Blitz"]
[Site "Chess.com"]
[Date "2017.09.05"]
[Round "4"]
[White "Sebastian"]
[Black "Keaton87"]
[Result "1-0"]
[WhiteElo "2818"]
[BlackElo "2474"]
[TimeControl "180+2"]
[EndTime "13:53:15 PDT"]
[Termination "Sebastian won by resignation"]

1. e4 c5 2. Nf3 d6 3. d4 Nf6 4.
Nc3 cxd4 5. Nxd4 g6 6. Be3 Bg7 7. f3 O-O 8. Qd2 Nc6 9. O-O-O d5 10. Qe1 e6 11. h4 Qc7 12. Ndb5 Qb8 13. h5 a6 14. Nd4 dxe4 15. hxg6 fxg6 16. Qh4 Qe5 17.
Nxc6 bxc6 18. Bd4 Qh5 19. Qxh5 Nxh5 20. Bxg7 Kxg7 21. Nxe4 e5 22. Rd6 Rf7 23. Bc4 Rc7 24. g4 Nf4 25. Nf6 Be6 26. Rxh7+ Kxf6 27. Rxc7 1-0

[Event "*** MasterClass Titled Tuesday Blitz"]
[Site "Chess.com"]
[Date "2017.09.05"]
[Round "4"]
[White "johnathan113"]
[Black "BilodeauA"]
[Result "1-0"]
[WhiteElo "2529"]
[BlackElo "2647"]
[TimeControl "180+2"]
[EndTime "13:53:32 PDT"]
[Termination "johnathan113 won by resignation"]

1. e4 c5 2. Nf3 Nc6 3. Nc3 Nf6 4. Bb5 Qc7 5. O-O e6 6. Re1 Nd4 7. e5 Nxb5 8. Nxb5 Qc6 9. c4 a6 10. Nc3 Ng8 11. d4 cxd4 12. Nxd4 Qc7 13. Bf4 Ne7 14. Ndb5 axb5 15. Nxb5 Qc6 16. Nd6+ Kd8 17. Nxf7+ Kc7 18. Qd6+ Kb6 19. Be3+ Ka6 20. Qa3+ 1-0

[Event "*** MasterClass Titled Tuesday Blitz"]
[Site "Chess.com"]
[Date "2017.09.05"]
[Round "4"]
[White "nickmatta"]
[Black "mwpchess"]
[Result "1-0"]
[WhiteElo "2318"]
[BlackElo "2456"]
[TimeControl "180+2"]
[EndTime "13:54:12 PDT"]
[Termination "nickmatta won by resignation"]

1. d4 Nf6 2. c4 e6 3. Nf3 d5 4. g3 Be7 5. Bg2 O-O 6. O-O dxc4 7.
Qc2 a6 8. a4 Bd7 9. Qxc4 b5 10.
Qc2 Bc6 11. Bg5 Be4 12. Qc1 b4 13. Nbd2 Bb7 14. Nc4 a5 15. Rd1 Nbd7 16. Nce5 Nxe5 17. dxe5 Nd5 18. e4 Bxg5 19. Nxg5 h6 20. Nf3 Qe7 21. exd5 Bxd5 22. Nd4 Rad8 23. Nc6 Bxc6 24. Qxc6 Rxd1+ 25. Rxd1 Rd8 26. Rxd8+ Qxd8 27. Qa8 Qxa8 28. Bxa8 Kf8 29. Kf1 Ke7 30. Bc6 1-0

[Event "*** MasterClass Titled Tuesday Blitz"]
[Site "Chess.com"]
[Date "2017.09.05"]
[Round "4"]
[White "Indianlad"]
[Black "AbdAlAgathos"]
[Result "1-0"]
[WhiteElo "2628"]
[BlackElo "2347"]
[TimeControl "180+2"]
[EndTime "13:54:38 PDT"]
[Termination "Indianlad won by resignation"]

1. e4 e6 2. d4 d5 3. Nc3 Bb4 4. e5 b6 5. h4 Ne7 6. Qg4 Nf5 7. Bd3 h5 8. Qf4 g6 9. Nf3 c5 10. Bd2 Bd7 11. Bxf5 gxf5 12. Rh3 c4 13. Rg3 Bf8 14. Ng5 Bh6 15. Qf3 Bf8 16. Nxd5 Bc6 17. Nf6+ Qxf6 18. exf6 Bxf3 19. Nxf3 Nd7 20. d5 Nxf6 21. Bc3 Rh6 22. dxe6 Ne4 23. exf7+ Kxf7 24. Ng5+ Nxg5 25. Rxg5 Re8+ 26. Kf1 Be7 27. Rxf5+ 1-0

[Event "*** MasterClass Titled Tuesday Blitz"]
[Site "Chess.com"]
[Date "2017.09.05"]
[Round "4"]
[White "Scott-fox21"]
[Black "PowerThinking2650"]
[Result "0-1"]
[WhiteElo "2153"]
[BlackElo "2211"]
[TimeControl "180+2"]
[EndTime "13:54:58 PDT"]
[Termination "PowerThinking2650 won by checkmate"]

1. d4 Nf6 2. c4 g6 3. Nc3 Bg7 4. e4 d6 5. h3 O-O 6. Bg5 c5 7. d5 e6 8. dxe6 Bxe6 9. Qd2 Nc6 10. O-O-O Qb6 11. Qxd6 Nxe4 12. Qf4 Nxc3 13. bxc3 Bxc3 14.
Rd2 Bf5 15. Bd3 Bxd3 16. Rxd3 Qb2+ 17. Kd1 Rfe8 18. Nf3 Qe2+ 19. Kc1 Qxd3 20. Rd1 Bb2+ 21. Kxb2 Qxd1 22. Qf6 Re2+ 23. Ka3 Qd3+ 24. Ka4 Rxa2+ 25.
Kb5 Ra5# 0-1

[Event "*** MasterClass Titled Tuesday Blitz"]
[Site "Chess.com"]
[Date "2017.09.05"]
[Round "4"]
[White "Makalexa"]
[Black "Quiet_Desperation"]
[Result "1-0"]
[WhiteElo "2152"]
[BlackElo "2214"]
[TimeControl "180+2"]
[EndTime "13:54:59 PDT"]
[Termination "Makalexa won by resignation"]

1. e4 e6 2. d4 d5 3. Nc3 Nf6 4.
Bg5 Be7 5. e5 Nfd7 6. Bxe7 Qxe7 7. f4 a6 8. Nf3 c5 9. dxc5 Nxc5 10. Bd3 Nc6 11. O-O Nxd3 12. cxd3 f6 13. Rc1 O-O 14.
Qe1 Bd7 15. Qg3 fxe5 16. Nxe5 Nxe5 17. fxe5 b5 18. Ne2 Qb4 19. Nf4 Rf5 20. Rc7 Rd8 21.
Nxe6 Rxf1+ 22. Kxf1 Rf8+ 23. Nxf8 Qxf8+ 24. Qf3 Bf5 25. Qxd5+ Kh8 26. Qf3 Bxd3+ 27. Kf2 Bf5 28. g4 Qd8 29.
gxf5 1-0

[Event "*** MasterClass Titled Tuesday Blitz"]
[Site "Chess.com"]
[Date "2017.09.05"]
[Round "4"]
[White "PrinceMurad09"]
[Black "VladDobrov"]
[Result "0-1"]
[WhiteElo "2348"]
[BlackElo "2624"]
[TimeControl "180+2"]
[EndTime "13:55:08 PDT"]
[Termination "VladDobrov won by resignation"]

1. e4 c5 2. Nf3 d6 3. d4 cxd4 4. Nxd4 Nf6 5. Nc3 a6 6. h3 e6 7.
Be2 Qc7 8. O-O Be7 9. a4 b6 10. f4 Bb7 11. Bf3 Nbd7 12. Nb3 h6 13. Qe2 g5 14.
fxg5 hxg5 15. Bxg5 Rg8 16. Bd2 Ne5 17. Bf4 Nfd7 18.
Rad1 O-O-O 19. Nc1 Bg5 20. Bh2 Nc4 21. Kh1 Nxb2 22.
Rxd6 Qxc3 23. Na2 Qc4 24. Qf2 Be3 25. Qxe3 Qxf1+ 26. Bg1 Nc4 27. Qc3 Ne5 28. Rd3 Rxd3 29. cxd3 Nxf3 30. Qxc4+ Kb8 0-1

[Event "*** MasterClass Titled Tuesday Blitz"]
[Site "Chess.com"]
[Date "2017.09.05"]
[Round "4"]
[White "WeiYi1999"]
[Black "goingin33"]
[Result "1-0"]
[WhiteElo "2128"]
[BlackElo "2275"]
[TimeControl "180+2"]
[EndTime "13:55:11 PDT"]
[Termination "WeiYi1999 won by checkmate"]

1. e4 e6 2. d4 d5 3. exd5 exd5 4. Nc3 Bb4 5. Bd3 Nf6 6. Ne2 O-O 7. Bg5 c6 8. Qd2 Re8 9. O-O-O b5 10. f3 a5 11. g4 a4 12. a3 Be7 13. Na2 Na6 14. h4 Rb8 15. Bf4 Bd6 16. Rde1 b4 17. Nxb4 Nxb4 18. axb4 Bxb4 19. c3 Bd6 20. Bxd6 Qxd6 21. Qf4 Qxf4+ 22. Nxf4 Bd7 23. g5 Rxe1+ 24. Rxe1 Ne8 25.
Bc2 a3 26. bxa3 Kf8 27. Bxh7 Rb3 28. Kc2 Rxa3 29. Kb2 Ra5 30. Bd3 Nd6 31. h5 Bf5 32. Bxf5 Nxf5 33. Nd3 Nd6 34. Ne5 Nc4+ 35. Nxc4 dxc4 36.
Re5 Ra7 37. Rc5 Re7 38. Rxc4 Re3 39. Rxc6 Rxf3 40. h6 gxh6 41. gxh6 Kg8 42. d5 Rd3 43. c4 f5 44. Kc2 Rh3 45. Rf6 Rh4 46. Kc3 f4 47. d6 Rh3+ 48. Kd4 Rxh6 49. Rxh6 f3 50. d7 f2 51. Rf6 Kg7 52. d8=Q f1=Q 53. Qe7+ Kg8 54. Rg6+ Kh8 55. Qg7# 1-0

[Event "*** MasterClass Titled Tuesday Blitz"]
[Site "Chess.com"]
[Date "2017.09.05"]
[Round "4"]
[White "grzechu96"]
[Black "Drags95"]
[Result "0-1"]
[WhiteElo "2430"]
[BlackElo "2553"]
[TimeControl "180+2"]
[EndTime "13:55:12 PDT"]
[Termination "Drags95 won by resignation"]

1. e4 c5 2. Nf3 d6 3. d4 cxd4 4. Nxd4 Nf6 5. Nc3 g6 6. Be3 Bg7 7. f3 O-O 8. Qd2 Nc6 9. O-O-O d5 10. Qe1 e5 11. Nxc6 bxc6 12. exd5 Nxd5 13. Bc4 Be6 14. Kb1 Rb8 15. Bb3 a5 16. Bc5 Re8 17. g4 Qc7 18.
Ne4 Red8 19. h4 h6 20. g5 h5 21. Rh2 Bf5 22. Rhd2 a4 23. Bxd5 cxd5 24. Rxd5 Rxd5 25. Rxd5 Qb7 26. Qb4 Qxb4 27. Bxb4 Bxe4 0-1

[Event "*** MasterClass Titled Tuesday Blitz"]
[Site "Chess.com"]
[Date "2017.09.05"]
[Round "4"]
[White "Fy_Rakotomaharo"]
[Black "Saitama_Hero"]
[Result "0-1"]
[WhiteElo "2458"]
[BlackElo "2330"]
[TimeControl "180+2"]
[EndTime "13:55:55 PDT"]
[Termination "Saitama_Hero won on time"]

1. d4 d6 2. c4 f5 3. Nc3 Nf6 4. Bg5 g6 5. Bxf6 exf6 6. g3 h5 7. Nf3 Be6 8. Qb3 Nd7 9. Bg2 Rb8 10. O-O b5 11. d5 bxc4 12. Qa4 Bf7 13. Nd4 Qc8 14. e4 f4 15. gxf4 Bh6 16. Ne6 c6 17. f5 gxf5 18. exf5 Bxe6 19. fxe6 Ne5 20. dxc6 O-O 21.
f4 Ng4 22. Rae1 Rxb2 0-1

[Event "*** MasterClass Titled Tuesday Blitz"]
[Site "Chess.com"]
[Date "2017.09.05"]
[Round "4"]
[White "AndrewMcStone"]
[Black "gammagramma"]
[Result "1/2-1/2"]
[WhiteElo "2066"]
[BlackElo "2330"]
[TimeControl "180+2"]
[EndTime "13:55:55 PDT"]
[Termination "Game drawn by repetition"]

1. d4 d5 2. c4 e6 3. Nc3 Nf6 4. cxd5 exd5 5. Bg5 c6 6. Qc2 h6 7. Bh4 g6 8. e3 Bf5 9. Bd3 Bxd3 10. Qxd3 Bg7 11.
Nf3 O-O 12. O-O Nbd7 13. Ne5 Qe8 14. f4 Qe6 15. Rae1 Ne8 16. Bg3 f5 17. Rb1 a5 18.
b3 Nd6 19. a3 Kh7 20. Kh1 Nf6 21. Na4 Nfe4 22. Be1 g5 23. g3 g4 24. Rc1 Bf6 25.
Nc5 Qe7 26. Nxe4 Nxe4 27. b4 axb4 28. Bxb4 Nd6 29. Bxd6 Qxd6 30. Qxf5+ Kg8 31. Qg6+ Kh8 32. Qxh6+ Kg8 33. Qg6+ Kh8 34. Qh6+ Kg8 35. Qg6+ Kh8 36. Qh6+ 1/2-1/2

[Event "*** MasterClass Titled Tuesday Blitz"]
[Site "Chess.com"]
[Date "2017.09.05"]
[Round "4"]
[White "temiksmozg"]
[Black "GM_dmitrij"]
[Result "0-1"]
[WhiteElo "2416"]
[BlackElo "2638"]
[TimeControl "180+2"]
[EndTime "13:55:56 PDT"]
[Termination "GM_dmitrij won by resignation"]

1. d4 d5 2. c4 e6 3. Nf3 Nf6 4. e3 a6 5. b3 c5 6. Bb2 cxd4 7. exd4 Nc6 8. Nbd2 g6 9. Bd3 Bg7 10. O-O O-O 11.
c5 b6 12. Rc1 Bb7 13. a3 Nd7 14. b4 bxc5 15. bxc5 e5 16. dxe5 Ndxe5 17. Nxe5 Nxe5 18. Bxe5 Bxe5 19. Nf3 Bg7 20. Qa4 Qc7 21. c6 Bc8 22. Nd4 Qf4 23. c7 Qxd4 24. Qc6 Ra7 25. Rfd1 Be5 26. Bxa6 Rxa6 0-1

[Event "*** MasterClass Titled Tuesday Blitz"]
[Site "Chess.com"]
[Date "2017.09.05"]
[Round "4"]
[White "SavelijTartakover"]
[Black "Fianchettoed-Tower"]
[Result "1-0"]
[WhiteElo "2549"]
[BlackElo "2360"]
[TimeControl "180+2"]
[EndTime "13:56:02 PDT"]
[Termination "SavelijTartakover won by resignation"]

1. d4 d5 2. c4 c6 3. Nf3 Nf6 4. Nc3 e6 5. cxd5 exd5 6. Qc2 Na6 7.
Bg5 Be7 8. e3 Nc7 9. Bd3 Ne6 10.
Bxf6 Bxf6 11. O-O h6 12. b4 a6 13. a4 O-O 14. Rfc1 Nc7 15. b5 axb5 16. axb5 Rxa1 17. Rxa1 Bg4 18. bxc6 Bxf3 19. gxf3 bxc6 20. Ne2 Qd7 21. Rc1 Qh3 22. Ng3 Ne6 23. Bf5 Qh4 24. Bxe6 fxe6 25.
Qxc6 Qh3 26. Qd7 Rb8 27. Rc8+ Rxc8 28. Qxc8+ Kh7 29. Qe8 Bg5 30. Qf7 Bf6 31. f4 Kh8 32.
f5 exf5 33. Qxd5 g6 34. Qf7 Bg5 35. Qxg6 f4 36. exf4 Bxf4 37. Qf6+ Kh7 38. Qxf4 Qd7 39. Qf5+ 1-0

[Event "*** MasterClass Titled Tuesday Blitz"]
[Site "Chess.com"]
[Date "2017.09.05"]
[Round "4"]
[White "Vamostodorecto"]
[Black "dogeandpika4life"]
[Result "1-0"]
[WhiteElo "2337"]
[BlackElo "2285"]
[TimeControl "180+2"]
[EndTime "13:56:02 PDT"]
[Termination "Vamostodorecto won by resignation"]

1. d4 Nf6 2. c4 e6 3. Nc3 Bb4 4. e3 Nc6 5. a3 Bxc3+ 6. bxc3 d6 7. Bd3 O-O 8. Ne2 e5 9. e4 b6 10. O-O Ba6 11. f4 Nd7 12. fxe5 dxe5 13. Ng3 exd4 14.
cxd4 Nxd4 15. Bb2 Ne5 16. Bb1 c5 17. Qh5 Ng6 18. Nf5 Bxc4 19. Rd1 Ne2+ 20. Kf2 Qxd1 21.
Bd3 Qxd3 22. Qh6 Qe3+ 23. Kxe3 1-0

[Event "*** MasterClass Titled Tuesday Blitz"]
[Site "Chess.com"]
[Date "2017.09.05"]
[Round "4"]
[White "pastouche06"]
[Black "Rodalquilar"]
[Result "0-1"]
[WhiteElo "2340"]
[BlackElo "2526"]
[TimeControl "180+2"]
[EndTime "13:56:08 PDT"]
[Termination "Rodalquilar won on time"]

1. d4 Nf6 2. Nc3 d5 3. e4 dxe4 4. f3 e3 5. Bxe3 g6 6. Qd2 Bg7 7. O-O-O Nbd7 8. g4 Nb6 9. Bh6 Bxh6 10. Qxh6 Nbd5 11.
Ne4 Nxe4 12. fxe4 Nf6 13. e5 Nxg4 14. Qg7 Rf8 15. Nh3 h6 16. Nf4 Bf5 17. Bd3 Ne3 18.
Nxg6 fxg6 19. Bxf5 Nxf5 20. Qxg6+ Kd7 21. Rhf1 e6 22.
d5 Qg5+ 23. Qxg5 hxg5 24. c4 Ne3 25. Rxf8 Rxf8 26. Rg1 Rf1+ 27. Rxf1 Nxf1 0-1

[Event "*** MasterClass Titled Tuesday Blitz"]
[Site "Chess.com"]
[Date "2017.09.05"]
[Round "4"]
[White "danyuffa"]
[Black "jcibarra"]
[Result "0-1"]
[WhiteElo "2574"]
[BlackElo "2682"]
[TimeControl "180+2"]
[EndTime "13:56:12 PDT"]
[Termination "jcibarra won by resignation"]

1. d4 Nf6 2. c4 e6 3. g3 d5 4. Nf3 dxc4 5. Bg2 Bd7 6. Ne5 Bc6 7. Nxc6 Nxc6 8. O-O Qd7 9. e3 Rd8 10. Qa4 Nb4 11.
Qxd7+ Rxd7 12. Na3 c5 13. dxc5 Bxc5 14. Nxc4 Nd3 15.
Rd1 Ng4 16. Rd2 Bb4 17. Rc2 Ne1 18. Re2 Rd1 19. Bf1 Nf3+ 20. Kg2 Ngxh2 21. Bd2 Rxa1 22.
Bxb4 Rxf1 23. Nd6+ Kd7 24. Nxb7 Rb8 25. Nc5+ Ke8 26.
Ba3 Rg1+ 27. Kh3 h5 28. Ne4 g5 29. Nxg5 Nxg5+ 30. Kxh2 Nf3+ 31. Kh3 Rc8 32. b3 f5 33. e4 fxe4 34. Bd6 Kf7 0-1

[Event "*** MasterClass Titled Tuesday Blitz"]
[Site "Chess.com"]
[Date "2017.09.05"]
[Round "4"]
[White "Godzillator"]
[Black "hypert"]
[Result "0-1"]
[WhiteElo "2284"]
[BlackElo "2324"]
[TimeControl "180+2"]
[EndTime "13:56:17 PDT"]
[Termination "hypert won by resignation"]

1. d4 Nf6 2. c4 e6 3. Nc3 Bb4 4. Qc2 O-O 5. a3 Bxc3+ 6. Qxc3 d6 7. Bg5 Nbd7 8. e3 e5 9. d5 b6 10. Bd3 a5 11. Qc2 h6 12. Bh4 Re8 13. Be2 a4 14.
Nf3 Nf8 15. O-O g5 16. Bg3 Ng6 17. Nd2 Bd7 18. Rae1 e4 19. Bd1 Qe7 20. f4 exf3 21.
Bxf3 Ne5 22. Be2 Ng6 23. Bd3 Ne5 24. Bf5 Nh5 25. Bxd7 Nxd7 26. Qf5 Ng7 27. Qc2 f5 28. h4 Nf6 29. hxg5 hxg5 30. Nf3 Ne4 31. Bh2 g4 32. Nd4 g3 33. Nxf5 Nxf5 34. Rxf5 gxh2+ 35. Kxh2 Qh4+ 36. Kg1 Qxe1+ 37. Kh2 Qh4+ 38. Kg1 Rf8 0-1

[Event "*** MasterClass Titled Tuesday Blitz"]
[Site "Chess.com"]
[Date "2017.09.05"]
[Round "4"]
[White "manubibi"]
[Black "josiwales"]
[Result "1-0"]
[WhiteElo "2426"]
[BlackElo "2310"]
[TimeControl "180+2"]
[EndTime "13:56:22 PDT"]
[Termination "manubibi won by resignation"]

1. e4 c5 2. Nf3 Nc6 3. Bb5 Na5 4. Be2 a6 5. O-O b5 6. d4 cxd4 7. Nxd4 Bb7 8. a4 b4 9. c3 e6 10.
Bd2 Bxe4 11. cxb4 Nc6 12. Nxc6 Bxc6 13. Na3 Nf6 14. b5 axb5 15. Nxb5 Bc5 16. b4 Be7 17. Nd4 Bd5 18. a5 O-O 19. b5 Ne4 20. Be1 Bd6 21.
b6 Qh4 22. g3 Ng5 23. f3 Qh6 24. a6 Bc5 25. b7 Ra7 26. Rc1 d6 27. Rxc5 dxc5 28.
Nf5 Qf6 29. Nd6 Re8 30. Nxe8 Qe7 31. b8=Q 1-0

[Event "*** MasterClass Titled Tuesday Blitz"]
[Site "Chess.com"]
[Date "2017.09.05"]
[Round "4"]
[White "Rokis13"]
[Black "chessking2151"]
[Result "1-0"]
[WhiteElo "2357"]
[BlackElo "2332"]
[TimeControl "180+2"]
[EndTime "13:56:36 PDT"]
[Termination "Rokis13 won by resignation"]

1. e4 e5 2. Nf3 Nc6 3. d4 exd4 4. Bc4 Nf6 5. e5 d5 6. Bb5 Ne4 7. Nxd4 Bd7 8. Bxc6 bxc6 9. O-O Bc5 10. f3 Ng5 11. f4 Ne4 12. Be3 Bb6 13. Nd2 Nxd2 14. Qxd2 c5 15. Nf3 d4 16. Bf2 Bc6 17. Qd3 Qd5 18. b3 O-O-O 19. Bh4 Rd7 20. a4 a5 21. Rf2 h6 22. Nd2 g5 23. fxg5 hxg5 24. Bg3 Kb7 25. Nc4 g4 26. Re1 Ka7 27. e6 Re7 28. Re5 Qd8 29.
exf7 Rf8 30. Bh4 Rxe5 31. Bxd8 Re1+ 32. Rf1 Rxf1+ 33. Qxf1 Bd5 34. Nxb6 Rxf7 35. Nxd5 Rxf1+ 36. Kxf1 Kb7 37. Bxc7 Kc6 38. Bxa5 d3 39. cxd3 c4 40. dxc4 Kc5 41. Bc3 Kd6 42. a5 g3 43. hxg3 Kc5 44.
a6 Kc6 45. g4 1-0

[Event "*** MasterClass Titled Tuesday Blitz"]
[Site "Chess.com"]
[Date "2017.09.05"]
[Round "4"]
[White "nihalsarin"]
[Black "stefanodinn"]
[Result "1-0"]
[WhiteElo "2639"]
[BlackElo "2206"]
[TimeControl "180+2"]
[EndTime "13:56:37 PDT"]
[Termination "nihalsarin won by resignation"]

1. e4 e5 2. Nf3 Nc6 3. Nc3 Nf6 4. d4 exd4 5. Nxd4 Bb4 6. Nxc6 bxc6 7. Bd3 O-O 8. O-O d5 9. exd5 cxd5 10. h3 h6 11. Qf3 Bb7 12. Ne2 c5 13. Ng3 Re8 14. Nf5 c4 15. Qg3 Nh5 16. Nxh6+ Kf8 17. Qf3 Nf6 18. Bxc4 dxc4 19. Qxb7 Qe7 20. Qxe7+ Rxe7 21. Nf5 Re2 22. Nd4 Re4 23. c3 Bc5 24. Be3 Ke8 25. Nf5 Bxe3 26. Nd6+ 1-0

[Event "*** MasterClass Titled Tuesday Blitz"]
[Site "Chess.com"]
[Date "2017.09.05"]
[Round "4"]
[White "OparinGrigoriy"]
[Black "ViIIagra"]
[Result "1/2-1/2"]
[WhiteElo "2609"]
[BlackElo "2672"]
[TimeControl "180+2"]
[EndTime "13:56:43 PDT"]
[Termination "Game drawn by agreement"]

1. e4 c5 2. Nf3 Nc6 3. d4 cxd4 4.
Nxd4 g6 5. c4 Bg7 6. Be3 Nf6 7.
Nc3 O-O 8. f3 d6 9. Qd2 Bd7 10.
Be2 Nxd4 11. Bxd4 a5 12. b3 Bc6 13. O-O Nd7 14. Be3 Nc5 15. Rfc1 Be5 16. Rab1 e6 17. a3 Qh4 18. f4 Bxc3 19. Qxc3 Nxe4 20. Qd4 e5 21. fxe5 dxe5 22. Qxe5 Rfe8 23. Qf4 Qxf4 24. Bxf4 Nc3 25. Rxc3 Rxe2 26. Rg3 a4 27. b4 Re4 28. Bh6 Rxc4 29. Rd1 Re8 30. Re3 Rxe3 31. Bxe3 f6 32. Rc1 Re4 33. Kf2 Re5 34. Rc5 Rxc5 35. Bxc5 Bb5 36. Ke3 Kf7 37. Kd4 Ke6 38. h4 Bf1 39. g3 b5 40. Ba7 Kf5 41. Ke3 Bc4 42. Bd4 g5 43. hxg5 fxg5 44. Ba7 Kg4 45. Bb8 h5 46.
Kf2 Bd5 47. Bc7 Bc6 48. Ke3 Be8 49. Bb8 Bf7 50. Bc7 Bc4 51. Bb8 Kh3 52. Kf2 h4 53. gxh4 gxh4 54. Bc7 Kg4 55. Ke3 Kf5 56. Bb8 Ke6 57. Kd4 Bf1 58. Bc7 Kf5 59. Ke3 h3 60. Bh2 Bg2 61. Kd4 Bc6 62. Ke3 Be8 63. Kd4 Ke6 64.
Bg3 1/2-1/2

[Event "*** MasterClass Titled Tuesday Blitz"]
[Site "Chess.com"]
[Date "2017.09.05"]
[Round "4"]
[White "Hafez_Bakr"]
[Black "Daniela_Movileanu"]
[Result "0-1"]
[WhiteElo "1861"]
[BlackElo "2013"]
[TimeControl "180+2"]
[EndTime "13:56:47 PDT"]
[Termination "Daniela_Movileanu won by resignation"]

1. c4 Nf6 2. g3 g6 3. Bg2 d5 4.
cxd5 Nxd5 5. Nc3 Nb6 6. e4 Nc6 7. Nge2 Bg7 8. O-O O-O 9. d3 Nd4 10. Be3 e5 11. Qd2 Be6 12. Bh6 Qe7 13. Bxg7 Kxg7 14. f4 f6 15. Kh1 Rad8 16. b3 c5 17. fxe5 fxe5 18. Rad1 Bg4 19. Rde1 Nxe2 20. Nxe2 c4 21.
Rxf8 Qxf8 22. bxc4 Qf2 23. Qc3 Re8 24. Nc1 Na4 25. Qb4 Nc5 26. Rf1 Qe3 27. Re1 Qd4 28.
Nb3 Nxb3 29. Qxb7+ Kh8 30. Qxb3 Rf8 31. c5 Rf2 32. h3 Bf3 33. Bxf3 Rxf3 34. Rg1 Rxd3 35. Qb8+ Kg7 36. Qxa7+ Kh6 37. Qe7 Qxe4+ 38. Rg2 Rxg3 39. Qf8+ Kh5 40. Qf2 Rxh3+ 41. Kg1 Qb1+ 42. Qf1 Rh1+ 43. Kxh1 Qxf1+ 44. Kh2 Qf4+ 45. Kg1 Qc1+ 0-1

[Event "*** MasterClass Titled Tuesday Blitz"]
[Site "Chess.com"]
[Date "2017.09.05"]
[Round "4"]
[White "The_Jagermeister"]
[Black "VSERGUEI"]
[Result "0-1"]
[WhiteElo "2415"]
[BlackElo "2559"]
[TimeControl "180+2"]
[EndTime "13:56:53 PDT"]
[Termination "VSERGUEI won by resignation"]

1. d4 d5 2. Nf3 Nf6 3. e3 c5 4. dxc5 e6 5. b4 a5 6. c3 axb4 7. cxb4 b6 8. Bb5+ Bd7 9. Bxd7+ Nbxd7 10. a4 bxc5 11. b5 c4 12. O-O Nc5 13. Bb2 Nd3 14.
Bc3 Bc5 15. a5 Ne4 16. b6 O-O 17. b7 Ra6 18. Nfd2 Nxc3 19. Nxc3 Qc7 20. Qb1 Rb8 21. Qb5 Qxb7 22. Rfb1 Qxb5 23. Nxb5 g6 24. Nc7 Rxb1+ 25.
Nxb1 Ra7 26. Nb5 Ra6 27. Nc7 Rc6 28. Nb5 Nb4 29. N1c3 Kg7 30. Na4 Na6 31. Nd4 Bxd4 32. exd4 c3 33. Rc1 Rc4 34. Nxc3 Rxd4 35. Rb1 Rc4 36. Rb3 Nc5 37. Ra3 d4 38. Na2 d3 39. Kf1 Rc1+ 0-1

[Event "*** MasterClass Titled Tuesday Blitz"]
[Site "Chess.com"]
[Date "2017.09.05"]
[Round "4"]
[White "yurisolo"]
[Black "TigranLPetrosyan"]
[Result "1-0"]
[WhiteElo "2569"]
[BlackElo "2723"]
[TimeControl "180+2"]
[EndTime "13:56:58 PDT"]
[Termination "yurisolo won by checkmate"]

1. e4 g6 2. d4 Bg7 3. Nc3 a6 4. Be3 b5 5. Qd2 Bb7 6. f3 d6 7. h4 h6 8. Nh3 Nd7 9. O-O-O Rc8 10. Kb1 c5 11. g4 Qa5 12. g5 b4 13. Ne2 Nb6 14.
b3 c4 15. d5 Rc5 16. Bd4 Bxd4 17. Nxd4 c3 18. Qc1 hxg5 19. hxg5 Na8 20. Be2 Qb6 21. Nf4 Rxh1 22. Rxh1 Ra5 23. Qe3 Ra3 24. Rh8 Kd7 25. Rxg8 Nc7 26. Nfe6 Nxe6 27. Nxe6 Qa5 28. Rd8+ Qxd8 29.
Nxd8 Ra5 30. Nxb7 Rb5 31. Bxb5+ axb5 32. Qb6 e5 33. Qd8# 1-0

[Event "*** MasterClass Titled Tuesday Blitz"]
[Site "Chess.com"]
[Date "2017.09.05"]
[Round "4"]
[White "Aariow"]
[Black "cheese111"]
[Result "1-0"]
[WhiteElo "2369"]
[BlackElo "2297"]
[TimeControl "180+2"]
[EndTime "13:57:08 PDT"]
[Termination "Aariow won by resignation"]

1. Nf3 Nf6 2. g3 g6 3. b3 Bg7 4.
Bb2 O-O 5. Bg2 d6 6. d4 c5 7. c4 cxd4 8. Nxd4 Qb6 9. O-O Nc6 10. Nc2 Bf5 11. Nc3 Rac8 12. Ne3 Be6 13. Qd2 Rfd8 14.
Ncd5 Bxd5 15. Nxd5 Nxd5 16. Bxg7 Kxg7 17. Bxd5 Qd4 18. Qxd4+ Nxd4 19. Bxb7 Nxe2+ 20. Kg2 Rc7 21. Bd5 e6 22. Bf3 Nd4 23. Rad1 Nxf3 24. Kxf3 Rc5 25.
Rd4 Rf5+ 26. Kg2 Ra5 27. Rd2 Kf6 28. Rfd1 Ke7 29. f4 h5 30. Kf3 Rc5 31. Ke3 a5 32.
Rd4 Rc6 33. Kd3 Re8 34. Re1 Kf6 35. Kc3 d5 36. Rxd5 exd5 37. Rxe8 dxc4 38. bxc4 Kf5 39. h3 f6 40. Kd4 Rd6+ 41. Kc5 Rd3 42. Kb6 Rxg3 43.
c5 Ra3 44. Re2 Rc3 45. Rf2 Ke4 46. c6 g5 47. fxg5 fxg5 48. c7 g4 49. hxg4 hxg4 50. Rf6 Rxc7 51. Kxc7 g3 52. Kb6 g2 53. Rg6 Kf3 54. Kxa5 Kf2 55. Kb6 g1=Q 56. Rxg1 Kxg1 57. a4 Kf2 58. a5 Ke3 59. a6 1-0